 Dungeon Crawl Stone Soup version 0.29.1-13-g9f3cf754e1 (webtiles) character file.

Game seed: 10645827050996765974

45 DildoBatman the Conjurer (level 3, -1/26 HPs)
             Began as a Formicid Conjurer on Jan 23, 2023.
             Slain by an adder (2 damage)
             ... on level 2 of the Dungeon.
             The game lasted 00:03:04 (1483 turns).

DildoBatman the Conjurer (Formicid Conjurer)        Turns: 1483, Time: 00:03:05

Health: -1/26      AC:  2    Str: 11    XL:     3   Next: 90%
Magic:  5/7        EV: 12    Int: 19    God:
Gold:   54         SH:  0    Dex: 12    Spells: 4/7 levels left

rFire   . . .      SeeInvis +   i - +0 dagger
rCold   . . .      Faith    .   (no shield)
rNeg    . . .      Spirit   .   a - +0 robe
rPois   .          Reflect  .   (helmet unavailable)
rElec   .          Harm     .   (no cloak)
rCorr   .          Rampage  .   (no gloves)
Will    .....                   (no boots)
Stlth   ++........              (no amulet)
HPRegen 0.08/turn               (no ring)
MPRegen 0.10/turn               (no ring)

@: lethally poisoned (-1 -> -2)
A: permanent stasis, dig shafts and tunnels, antennae 3, four strong arms
a: Dig, Shaft Self


You were on level 2 of the Dungeon.
You visited 1 branch of the dungeon, and saw 2 of its levels.

You collected 54 gold pieces.

Inventory:

Hand Weapons
 e - a +0 whip
 i - a +0 dagger (weapon)
 l - a +0 mace
 m - a +0 spear
Missiles
 d - 4 poisoned darts
Armour
 a - a +0 robe (worn)
Magical Staves
 f - a staff of fire
Scrolls
 c - 2 scrolls of amnesia {unknown}
 j - a scroll of brand weapon {unknown}
Potions
 g - a potion of might {unknown}
 h - 2 potions of cancellation {unknown}
 k - a potion of attraction {unknown}


   Skills:
 * Level 1.4 Fighting
 * Level 1.3 Armour
 - Level 2.0 Dodging
 - Level 2.4 Stealth
 * Level 2.7 Spellcasting
 * Level 3.9 Conjurations


You had 4 spell levels left.
You knew the following spells:

 Your Spells              Type           Power      Damage    Failure   Level
a - Searing Ray           Conj           34%        2d5       4%          2
c - Magic Dart            Conj           68%        1d6       3%          1

Your spell library contained the following spells:

 Spells                   Type           Power      Damage    Failure   Level
 Dazzling Flash           Conj/Hex       20%        N/A       22%         3
 Fulminant Prism          Conj/Hex       5%         3d7       56%         4
 Iskenderun's Mystic Bla  Conj/Tloc      10%        2d4       56%         4


Dungeon Overview and Level Annotations

Branches:
Dungeon (2/15)

Altars:


Innate Abilities, Weirdness & Mutations

You cannot be hasted, slowed, berserked, paralysed or teleported.
You can dig through walls and to a lower floor.
You have a pair of large antennae on your head. (SInv)
Your four strong arms can wield two-handed weapons with a shield.


Message History

The searing ray misses the adder.
The adder closely misses you. The adder barely misses you.
The searing ray hits the adder.
The adder is heavily wounded.
You finish channelling your searing ray.
The adder bites you.
You are poisoned.
The adder poisons you!
Casting: Searing Ray (safe; 4% risk of failure)
Confirm with . or Enter, or press ? or * to list all spells.
Aiming: Magic Dart (safe; 3% risk of failure)
Press: ? - help, Shift-Dir - straight line, f/p - adder
Aim: an adder (heavily wounded, 100% to hit)
The magic dart hits the adder.
The adder is almost dead.
You feel sick. The adder bites you but does no damage.
You hit the adder.
The adder is almost dead.
You feel sick. The adder bites you but does no damage. The adder misses you.
You barely miss the adder.
The adder is almost dead.
You feel sick. The adder bites you. Magic courses through your body.
You feel sick. The adder barely misses you.
Casting: Magic Dart (safe; 3% risk of failure)
Confirm with . or Enter, or press ? or * to list all spells.
Aiming: Searing Ray (safe; 4% risk of failure)
Press: ? - help, Shift-Dir - straight line, f/p - adder
Aim: an adder (almost dead, 63% to hit)
The searing ray misses the adder. (Press . to maintain the ray.)
You feel sick. The adder bites you. x2
You die...

.......# #...(# .....
.......# ##.#.##...#
.......# #.#......#
#......# #.#.###.##.
#......########..........
.......†.................
##.......................
#####...................
##########.@........
#.S........ ###'###....
#.. .... ####


You could see an adder.

Vanquished Creatures
  An adder (D:2)
  A dart slug (D:1)
  6 bats (D:1)
  2 endoplasms (D:1)
  A giant cockroach (D:1)
  6 hobgoblins
  2 quokkas
  2 ball pythons (D:1)
  2 frilled lizards (D:1)
  A goblin (D:1)
  4 kobolds
  5 rats (D:1)
33 creatures vanquished.

Notes
Turn   | Place    | Note
-------+----------+-------------------------------------------
     0 | D:1      | DildoBatman the Formicid Conjurer began the quest for the
                  | Orb.
     0 | D:1      | Reached XP level 1. HP: 13/13 MP: 3/3
   187 | D:1      | Reached XP level 2. HP: 17/20 MP: 1/5
   190 | D:1      | Learned a level 2 spell: Searing Ray
   360 | D:1      | Found a faded altar of an unknown god.
   588 | D:1      | Reached skill level 1 in Fighting
   588 | D:1      | Reached skill level 1 in Armour
   646 | D:1      | Reached XP level 3. HP: 26/26 MP: 0/6
  1483 | D:2      | HP: 1/26 [adder (2)]
  1483 | D:2      | Slain by an adder

Illustrated notes

Levels and vault maps discovered:
D:1:      psy_arrival_fountain, layout_basic,
          shapermc_ecumenical_altar_hornbeckon
D:2:      layout_basic, glass_columns_c, st_stairs_4, minmay_tromino_mix6

Skill      XL: |  1  2 |
---------------+-------+-----
Dodging        | 2 |  2.0
Fighting       | 1 |  1.4
Armour         | 1 |  1.3
Stealth        | |  2.4
Spellcasting   | |  2.7
Conjurations   | |  3.9

Action                   || total
-------------------------++-------
Melee: Unarmed           ||     5
       Dagger            ||    29
 Cast: Magic Dart        ||    56
       Searing Ray       ||     4
  Use: Potion            ||     1
 Stab: Sleeping          ||     1
Armor: Robe              ||     5
Dodge: Dodged            ||    32
